Map: 포트 알렉산더 - 래더

Players

goblin

  • Race: Protoss Protoss
  • Spawn Location: 11:00

Trap - Winner!

  • Race: Protoss Protoss
  • Spawn Location: 5:00

Event: IEM Season 13: Katowice (2019)

VOD

Have the link to the VOD?

Description

Time

  • Played on: Feb. 25, 2019, 9:22 a.m.
  • Length: 10:37

All games in this series

Show
View Real Time Build Order
Export as new Build Order

goblin Protoss 

Build Orders:  

Get SALT Encoding   

  12  0:00  Probe  
  13  0:12  Probe  
  14  0:17  Pylon  
  14  0:24  Probe  
  15  0:32  Probe  
  15  0:38  Gateway  
  15  0:40  Probe  
  16  0:47  Assimilator  
  17  0:50  Probe  
  17  0:56  Assimilator  
  18  0:58  Probe  
  19  1:06  Probe  
  20  1:12  Gateway  
  20  1:17  Probe  
  21  1:27  Cybernetics Core  
  21  1:29  Probe  
  22  1:37  Pylon  
  22  1:41  Probe  
  23  1:52  Pylon  
  24  2:04  Stalker x2  
  24  2:06  Warp Gate  
  27  2:18  Robotics Facility  
  27  2:34  Stalker x2  
  27  2:37  Probe  
  32  2:53  Immortal  
  32  2:54  Gateway  
  36  3:12  Pylon  
  36  3:24  Warp Prism  
  38  3:40  Shield Battery  
  38  3:54  Sentry x2  
  38  3:55  Stalker  
  44  3:59  Pylon  
  44  4:00  Observer  
  45  4:04  Shield Battery  
  45  4:30  Stalker  
  45  4:31  Stalker x2  
  51  4:41  Pylon  
  51  5:04  Adept  
  51  5:05  Adept  
  51  5:06  Immortal, Adept  
  60  5:28  Phoenix  
  60  5:34  Pylon  
  59  5:41  Observer  
  60  6:00  Immortal  
  64  6:18  Adept  
  64  6:19  Adept x2  
  67  6:39  Probe  
  64  6:44  Observer  
  64  6:51  Sentry x2, Probe  
  69  6:57  Pylon  
  68  7:16  Probe  
  68  7:18  Nexus  
  69  7:26  Observer  
  69  7:28  Zealot, Probe, Adept  
  74  7:39  Pylon  
  74  7:53  Probe  
  75  8:11  Pylon x2  
  75  8:19  Stargate  
  75  8:45  Gateway  
  71  8:57  Phoenix  
  61  9:38  Pylon  
  61  9:47  Adept  
  61  9:48  Adept x2  
  66  10:00  Pylon  
  66  10:13  Pylon  
  66  10:20  Adept  
Show
View Real Time Build Order
Export as new Build Order

Trap Protoss - Winner!

Build Orders:  

Get SALT Encoding   

  12  0:00  Probe  
  13  0:12  Probe  
  14  0:18  Pylon  
  14  0:24  Probe  
  15  0:32  Probe  
  15  0:39  Gateway  
  15  0:40  Probe  
  17  0:51  Probe  
  17  0:54  Assimilator  
  18  0:58  Assimilator  
  18  0:59  Probe  
  19  1:07  Probe  
  20  1:13  Gateway  
  20  1:17  Probe  
  21  1:26  Cybernetics Core  
  21  1:29  Probe  
  22  1:36  Pylon  
  22  1:41  Probe  
  23  1:54  Warp Gate, Probe  
  24  2:02  Stalker  
  24  2:03  Stalker  
  28  2:10  Pylon  
  28  2:32  Stalker  
  28  2:33  Stalker  
  32  2:55  Robotics Facility  
  31  3:00  Probe  
  31  3:02  Stalker x2  
  36  3:18  Gateway  
  36  3:24  Pylon  
  36  3:33  Immortal  
  38  3:45  Sentry  
  42  3:49  Shield Battery  
  42  3:50  Pylon  
  42  4:04  Warp Prism  
  42  4:13  Adept x2  
  42  4:17  Sentry  
  49  4:25  Pylon  
  49  4:38  Immortal  
  53  4:47  Pylon  
  53  5:05  Twilight Council  
  53  5:10  Observer  
  53  5:20  Gateway  
  54  5:28  Immortal  
  58  5:36  Blink  
  58  6:04  Nexus  
  58  6:13  Sentry, Stalker  
  62  6:22  Pylon  
  62  6:42  Adept x3  
  67  6:57  Pylon  
  67  7:06  Stalker  
  67  7:07  Stalker x2  
  73  7:09  Observer  
  74  7:27  Pylon  
  74  7:29  Pylon  
  74  7:37  Stalker  
  74  7:38  Stalker x2  
  80  8:12  Nexus  
  80  8:22  Stalker x3  
  80  8:24  Probe  
  87  8:36  Probe  
  88  8:51  Probe  
  83  9:05  Probe  
  74  9:21  Sentry  
  74  9:22  Sentry, Stalker  
  76  9:25  Probe x2  
  76  9:28  Immortal  
  82  9:39  Probe  
  82  9:41  Probe  
  84  10:00  Stalker x3  
  94  10:28  Stalker x3  

Tags
 
Add a new tag
Caveats
  • Supply blocks, unpowered buildings, or Contaminate may cause inaccurate times.
  • Supply counts are checked every 10 seconds.